 Dungeon Crawl Stone Soup version 0.17-a0-1562-g9b2c768 (webtiles) character file.

1 patman the Gusty (level 1, 0/14 HPs)
             Began as a Draconian Air Elementalist on July 20, 2015.
             Slain by an ooze (4 damage)
             ... on level 1 of the Dungeon.
             The game lasted 00:00:35 (34 turns).

patman the Gusty (Draconian Air Elementalist)         Turns: 34, Time: 00:00:35

Health: 0/14       AC:  4    Str: 10    XL:     1   Next: 16%
Magic:  0/3        EV: 12    Int: 15    God:
Gold:   0          SH:  0    Dex: 11    Spells: 1 memorised, 3 levels left

rFire  . . .     SeeInvis .     (no weapon)
rCold  . . .     Clarity  .     (armour unavailable)
rNeg   . . .     SustAt   .     (no shield)
rPois  .         Gourm    .     (helmet restricted)
rElec  .         Spirit   .     (no cloak)
rCorr  .         Warding  .     (no gloves)
rMut   .         Stasis   .     (no boots)
MR     .....                    (no amulet)
Stlth  ++........               (no ring)
                                (no ring)

@: not resistant to hostile enchantments, unstealthy
A: unfitting armour, cold-blooded, AC +4
a: no special abilities


You were on level 1 of the Dungeon.
You were not hungry.

You visited 1 branch of the dungeon, and saw 1 of its levels.

Inventory:

Books
 a - a book of Air

   Spells                             Type                      Level
   a - Shock                          Conjuration/Air              1
   b - Swiftness                      Charms/Air                   2
   c - Repel Missiles                 Charms/Air                   2
   d - Static Discharge               Conjuration/Air              3
   e - Lightning Bolt                 Conjuration/Air              5
Comestibles
 b - a bread ration


   Skills:
 - Level 1.7 Dodging
 - Level 1.7 Stealth
 - Level 2.0 Spellcasting
 - Level 1.0 Conjurations
 + Level 3.1 Air Magic


You had 3 spell levels left.
You knew the following spells:

 Your Spells              Type           Power        Failure   Level  Hunger
a - Shock                 Conj/Air       #...         12%         1    #......


Dungeon Overview and Level Annotations

Branches:
Dungeon (1/15)

Altars:


Innate Abilities, Weirdness & Mutations

Your plain brown scales are hard (AC +4).
Your body does not fit into most forms of armour.
You are cold-blooded and may be slowed by cold attacks.


Message History

Unknown command.
You start resting.
The ooze hits you.
Casting: Shock
Confirm with . or Enter, or press ? or * to list all spells.
Aiming: Shock
Press: ? - help, Shift-Dir - straight line The zap hits the ooze.
The ooze is moderately wounded.
The zap hits the ooze.
The ooze is severely wounded.
The ooze hits you but does no damage.
You hit the ooze.
The ooze is almost dead.
The ooze hits you.
* * * LOW HITPOINT WARNING * * *
You hit the ooze but do no damage.
The ooze is almost dead.
The ooze hits you.
You die...

......)
.......
.......
.......
.......
...J...#####
.......)...##
.##.#####J#..#
........@....#
..#########..#
#.#...††..#..#
#.#.≈≈≈≈X.#.##
#.#.≈≈≈≈≈.#.#
#.#.≈≈≈≈≈†#.#
#.#.†.†††.#.#
#.#########.#
#....'''....#


You could see an ooze and a neutral kraken.

Vanquished Creatures
  A goblin (D:1)
  A rat (D:1)
2 creatures vanquished.

Vanquished Creatures (others)
  2 ghouls (D:1)
  A minotaur (D:1)
  An octopode (D:1)
  A gargoyle (D:1)
  An elf (D:1)
  A spriggan (D:1)
  3 vampires (D:1)
  A human (D:1)
  2 nagas (D:1)
  An orc (D:1)
  A kobold (D:1)
  6 tentacles (D:1)
  137 tentacle segments (D:1)
158 creatures vanquished.

Grand Total: 160 creatures vanquished

Notes
Turn   | Place    | Note
--------------------------------------------------------------
     0 | D:1      | patman the Draconian Air Elementalist began the quest for the Orb.
     0 | D:1      | Reached XP level 1. HP: 14/14 MP: 3/3
     2 | D:1      | Noticed a vampire
     2 | D:1      | Noticed a human
     2 | D:1      | Noticed a spriggan
     2 | D:1      | Noticed a ghoul
     2 | D:1      | Noticed an octopode
     2 | D:1      | Noticed a vampire
     2 | D:1      | Noticed a kraken
     2 | D:1      | Noticed a naga
     2 | D:1      | Noticed an elf
     2 | D:1      | Noticed a ghoul
     2 | D:1      | Noticed a vampire
     2 | D:1      | Noticed a minotaur
     2 | D:1      | Noticed a gargoyle
     2 | D:1      | Noticed a naga
     4 | D:1      | Killed a human
     5 | D:1      | Killed a spriggan
     7 | D:1      | Killed a gargoyle
     8 | D:1      | Killed an octopode
    10 | D:1      | Killed a vampire
    10 | D:1      | Killed a vampire
    11 | D:1      | Killed an elf
    13 | D:1      | Killed a naga
    13 | D:1      | Killed a ghoul
    14 | D:1      | Killed a vampire
    14 | D:1      | Killed a minotaur
    16 | D:1      | Killed a naga
    18 | D:1      | Killed a ghoul
    34 | D:1      | Slain by an ooze

Vault maps used:
D:1:      nicolae_arrival_kraken_aquarium_b

Action                   || total
-------------------------++-------
Melee: Unarmed           ||     2
 Cast: Shock             ||     3
